 Dungeon Crawl Stone Soup version 0.26.0-18-gc5c842f807 (webtiles) character file.

Game seed: 6058146780287596032

125 thiole the Sneak (level 5, -8/31 HPs)
             Began as an Octopode Hedge Wizard on Jan 23, 2021.
             Killed by divine providence
             ... invoked by an orc priest
              (14 damage)
             ... on level 2 of the Dungeon.
             The game lasted 00:04:28 (2196 turns).

thiole the Sneak (Octopode Hedge Wizard)            Turns: 2196, Time: 00:04:29

Health: -8/31      AC:  1    Str: 10    XL:     5   Next: 9%
Magic:  8/10       EV: 13    Int: 17    God:
Gold:   246        SH:  0    Dex: 11    Spells: 3/11 levels left

rFire    . . .     SeeInvis .   a - +0 dagger
rCold    . . .     Faith    .   (no shield)
rNeg     . . .     Spirit   .   b - +0 hat
rPois    .         Reflect  .   (no amulet)
rElec    .         Harm     .   (no ring)
rCorr    .         Rampage  .   (no ring)
Will     .....                  (no ring)
Stlth    ++++......             (no ring)
HPRegen  0.10/turn              (no ring)
MPRegen  0.12/turn              (no ring)
                                (no ring)
                                (no ring)

@: very slightly contaminated
A: almost no armour, stealthy swim, amphibious, 8 rings, constrict 8, camouflage
1, gelatinous body 1
a: no special abilities


You were on level 2 of the Dungeon.
You visited 1 branch of the dungeon, and saw 2 of its levels.

You collected 246 gold pieces.

Inventory:

Hand Weapons
 a - a +0 dagger (weapon)
Armour
 b - a +0 hat (worn)
Jewellery
 i - a +4 ring of slaying {unknown}
Scrolls
 f - 2 scrolls of remove curse {unknown}
 g - a scroll of teleportation {unknown}
 h - a scroll of identify {unknown}
 j - a scroll of fog {unknown}
 k - a scroll of fear {unknown}
 l - a scroll of immolation {unknown}
Potions
 c - a potion of might {unknown}
 d - a potion of lignification {unknown}
 e - a potion of mutation {unknown}
 m - a potion of curing {unknown}


   Skills:
 - Level 2.0 Dodging
 + Level 4.8 Stealth
 + Level 3.9 Spellcasting
 - Level 2.0 Conjurations
 - Level 2.0 Summonings
 - Level 1.0 Translocations


You had 3 spell levels left.
You knew the following spells:

 Your Spells              Type           Power        Failure   Level
a - Magic Dart            Conj           40%          7%          1
b - Call Imp              Summ           10%          11%         2
c - Slow                  Hex            3%           24%         2
d - Mephitic Cloud        Conj/Pois/Air  5%           36%         3

Your spell library contained the following spells:

 Spells                   Type           Power        Failure   Level
 Blink                    Tloc           N/A          16%         2
 Conjure Flame            Conj/Fire      6%           32%         3


Dungeon Overview and Level Annotations

Branches:
Dungeon (2/15)

Altars:
Dithmenos


Innate Abilities, Weirdness & Mutations

You cannot wear most types of armour.
You are very stealthy in the water. (Stealth+)
You are amphibious.
You can wear up to eight rings at the same time.
You can use your tentacles to constrict eight enemies at once.
Your skin changes colour to match your surroundings (Stealth+).
Your rubbery body absorbs attacks. (AC +1, EV +1)


Message History

Pain shoots through your body!
An orc comes into view. It is wielding a +0 flail.
You hit the orc priest. You squeeze the orc priest.
The orc priest is lightly wounded.
You constrict the orc priest.
The orc priest calls down the wrath of Beogh upon you.
Beogh smites you!
* * * LOW HITPOINT WARNING * * *
The orc priest barely misses you.
You hear a shout!
You hit the orc priest.
The orc priest is moderately wounded.
You constrict the orc priest. The orc priest closely misses you.
You hit the orc priest but do no damage.
You squeeze the orc priest, but do no damage.
The orc priest is heavily wounded.
You constrict the orc priest.
The orc priest calls down the wrath of Beogh upon you.
Beogh smites you!
You die...

..# #.....#.#..##.####
#.# #.......#........#
#.# #.......##.......#
#.# ####...###.......#
#.# #..........####
#.##########†.####.†..#
......................#
.....##############...#
.....# .......@oo...#
.....# #########o...#
.....# # ..#......
.....##.# ..o#..####
........#o .......#
........#⌠.o o.......#
........#$.. oo.....#>.
........# .........##
## .....##.#


You could see 2 orc priests and an orc.

Vanquished Creatures
  A hound (D:2)
  A worker ant (D:2)
  3 adders (D:2)
  2 leopard geckos (D:2)
  An orc (D:2)
  A giant cockroach (D:2)
  4 hobgoblins
  2 quokkas (D:2)
  7 bats
  3 frilled lizards
  7 goblins
  5 kobolds
  7 rats
44 creatures vanquished.

Notes
Turn   | Place    | Note
-------+----------+-------------------------------------------
     0 | D:1      | thiole the Octopode Hedge Wizard began the quest for the
                  | Orb.
     0 | D:1      | Reached XP level 1. HP: 11/11 MP: 4/4
   181 | D:1      | Reached XP level 2. HP: 17/17 MP: 1/6
   356 | D:1      | Reached skill level 3 in Stealth
  1039 | D:1      | Learned a level 2 spell: Call Imp
  1042 | D:1      | Learned a level 2 spell: Slow
  1198 | D:2      | Reached XP level 3. HP: 17/21 MP: 2/7
  1202 | D:2      | Learned a level 3 spell: Mephitic Cloud
  1390 | D:2      | Found a shadowy altar of Dithmenos.
  1639 | D:2      | Reached XP level 4. HP: 15/27 MP: 6/9
  1880 | D:2      | Reached skill level 4 in Stealth
  2037 | D:2      | Reached XP level 5. HP: 30/31 MP: 2/10
  2196 | D:2      | Killed from afar by an orc priest

Illustrated notes

Levels and vault maps discovered:
D:1:      saegor_arrival_simple_d, layout_loops_ring, dk_noncrumbling_3
D:2:      cheibrodos_pilgrimage, layout_basic,
          grunt_dithmenos_smoke_and_mirrors, interstate_on_off,
          kennysheep_path_1

Skill      XL: |  1  2  3  4 |
---------------+-------------+-----
Stealth        | 3 4 |  4.8
Conjurations   | 2 |  2.0
Summonings     | 2 |  2.0
Dodging        | |  2.0
Spellcasting   | |  3.9
Translocations | |  1.0

Action                   |  1- 3 |  4- 6 || total
-------------------------+-------+-------++-------
Melee: Dagger            |    40 |    19 ||    59
       Constrict         |    10 |     3 ||    13
       Tentacles         |     3 |     4 ||     7
 Cast: Magic Dart        |    63 |    23 ||    86
 Stab: Sleeping          |     1 |       ||     1
Armor: Skin              |     2 |     1 ||     3
Dodge: Dodged            |    18 |    12 ||    30
